Unix NetHack Version 3.7.0-102 Work-in-progress - last build Apr 6 2024 13:22:21 (d302a6a9ff6341f1a922d8f5af178406b35fdf99,branch:master). Game began 2024-05-02 00:21:29, ended 2024-05-02 08:56:57. fstd, neutral male human Wizard -- ..| ... --.---- -----------..|..| --.)..)..........| --...----.........## |....| |-.........| |.|..| --.[..[..#--- |%|--- |........| |.| |......--- |.| --.|.<.| | ----%| ----..--- |....@.| --...--- -----.-- |.....| .. |.....| -.- --..--- --- ---- Fstd the Thaumaturge St:10 Dx:13 Co:12 In:18 Wi:12 Ch:12 Neutral S:1893 Dlvl:5 $:281 HP:0(34) Pw:24(59) AC:6 Xp:6 T:2169 Burdened Latest messages: The spell hits it. You kill the gnome! In what direction? l The spell hits it. You kill the dwarf! There are several objects here. You have a little trouble lifting T - a hard hat. You have a little trouble lifting U - 2 orange gems. You have a little trouble lifting $ - 15 gold pieces You have a little trouble lifting V - a pick-axe. You have a little trouble lifting W - a scroll of identify. The gnome wields a crossbow! The gnome shoots 3 crossbow bolts! You are hit! You are hit! It misses. In what direction? h The spell hits it. You kill the gnome! You have a little trouble lifting X - a crossbow bolt. You see here a crossbow. In what direction? j The spell hits it. The gnome resists! The spell hits it. You kill the gnome lord! Welcome to experience level 6. You kill the gnome! You see here a gnome corpse. The air crackles around the gnomish wizard. The gnomish wizard points all around, then curses. You miss it. The gnomish wizard points all around, then curses. You miss it. The gnomish wizard points all around, then curses. You hit it. The gnomish wizard points all around, then curses. The gnomish wizard points all around, then curses. You hit it. The gnomish wizard points all around, then curses. You kill the gnomish wizard! You fall into a pit! You land on a set of sharp iron spikes! The spikes were poisoned! The poison was deadly... Do you want your possessions identified? [ynq] (y) n Do you want to see your attributes? [ynq] (y) n Do you want an account of creatures vanquished? [ynaq] (y) n Do you want to see your conduct and achievements? [ynq] (y) n Do you want to see the dungeon overview? [ynq] (y) n Inventory: Coins ('$') $ - 281 gold pieces Weapons (')') J - 3 uncursed +0 arrows X - an uncursed +0 crossbow bolt y - 4 uncursed +0 darts B - 11 uncursed +0 shuriken G - 6 uncursed +0 daggers R - a cursed -5 elven dagger k - an uncursed +0 orcish dagger a - a blessed +1 quarterstaff (weapon in hands) Armor ('[') T - an uncursed +0 dwarvish iron helm A - an uncursed +0 orcish helm (being worn) s - an uncursed +0 pair of leather gloves (being worn) z - an uncursed +0 pair of kicking boots (being worn) E - an uncursed +0 pair of water walking boots b - an uncursed +0 cloak of magic resistance (being worn) H - an uncursed +0 dwarvish cloak Comestibles ('%') p - 3 uncursed food rations v - an uncursed lichen corpse Scrolls ('?') n - an uncursed scroll of create monster w - a blessed scroll of food detection W - a blessed scroll of identify j - 3 uncursed scrolls of identify M - an uncursed scroll of light i - an uncursed scroll of magic mapping D - an uncursed scroll of remove curse Potions ('!') t - an uncursed potion of extra healing f - an uncursed potion of full healing C - a blessed potion of healing h - 3 uncursed potions of healing u - a cursed potion of healing g - an uncursed potion of see invisible Rings ('=') e - an uncursed +1 ring of increase damage I - an uncursed ring of see invisible d - an uncursed ring of sustain ability l - an uncursed ring of teleport control Wands ('/') r - an uncursed wand of probing (0:6) c - an uncursed wand of undead turning (0:5) Tools ('(') x - an uncursed lock pick m - an uncursed magic marker (0:20) F - a cursed oil lamp V - an uncursed +0 pick-axe o - an uncursed skeleton key K - an uncursed tallow candle Q - an uncursed wax candle Gems/Stones ('*') q - an uncursed amber stone N - an uncursed worthless piece of black glass P - an uncursed worthless piece of blue glass O - an uncursed worthless piece of green glass U - 2 uncursed worthless pieces of orange glass L - 2 uncursed worthless pieces of red glass S - an uncursed worthless piece of white glass Fstd the Wizard's attributes: Background: You were a Thaumaturge, a level 6 male human Wizard. You were neutral, on a mission for Thoth who was opposed by Ptah (lawful) and Anhur (chaotic). You were right-handed. You were in the Gnomish Mines, on level 5. You entered the dungeon 2169 turns ago. You had 353 experience points, 287 more were needed to attain level 7. Your score was 1893 before end-of-game adjustments. Basics: You had 0 out of 34 hit points. You had 24 out of 59 energy points (spell power). Your armor class was 6. Your wallet contained 281 zorkmids. Autopickup was on for '$"?!=+/(*' plus thrown, with exceptions. Final Characteristics: Your strength was 10 (peak:11, limit:18/100). Your dexterity was 13 (limit:18). Your constitution was 12 (limit:18). Your intelligence was 18 (limit:18). Your wisdom was 12 (limit:18). Your charisma was 12 (limit:18). Final Status: You were trapped in a spiked pit. You weren't hungry. You were burdened; movement was slightly slowed. You were wielding a quarterstaff. You had basic skill with quarterstaff. Final Attributes: You were piously aligned. You were magic-protected. You were warded. You are dead. Miscellaneous: You disabled loading of bones levels. Total elapsed playing time was 45 minutes and 21 seconds. Major events: Turn 1: fstd the neutral male human Wizard entered the dungeon 956: attained the rank of Conjurer (level 3) 1615: entered the Gnomish Mines 2153: attained the rank of Thaumaturge (level 6) 2169: killed by a fall onto poison spikes Vanquished creatures: a shrieker 2 gnome leaders a gnomish wizard 5 dwarves a homunculus 5 hill orcs a giant bat an iguana 4 coyotes 2 hobbits a large kobold a giant rat 2 yellow molds a green mold 13 gnomes a gecko 5 jackals a kobold 2 goblins 5 grid bugs a bat a lichen a kobold zombie 6 newts 64 creatures vanquished. No species were genocided or became extinct. Voluntary challenges: You read items or engraved 2 times. You never engraved Elbereth. You never genocided any monsters. You never polymorphed an object. You never changed form. You used no wishes. Achievements: You entered a shop. You attained the rank of Conjurer. You entered the Gnomish Mines. You attained the rank of Thaumaturge. The Dungeons of Doom: levels 1 to 4 Level 1: A fountain, a grave. Level 2: Many altars. Level 3: An altar, some fountains. Stairs down to The Gnomish Mines. Level 4: The Gnomish Mines: levels 4 to 5 Level 4: Level 5: <- You were here. Final resting place for you, killed by a fall onto poison spikes. Game over: ---------- / \ / REST \ / IN \ / PEACE \ / \ | fstd | | 281 Au | | killed by a fall | | onto poison | | spikes | | | | 2024 | *| * * * | * _________)/\\_//(\/(/\)/\//\/|_)_______ Goodbye fstd the Wizard... You died in The Gnomish Mines on dungeon level 5 with 1865 points, and 281 pieces of gold, after 2169 moves. You were level 6 with a maximum of 34 hit points when you died.